 Dungeon Crawl Stone Soup version 0.31-a0-889-g1a8549509d (webtiles) character file.

Game seed: 6443831870603708522

1397 Kuronicle the Changeling (level 8, -1/58 HPs)
             Began as a Demonspawn Shapeshifter on Oct 16, 2023.
             Killed by divine providence
             ... invoked by an orc priest
              (15 damage)
             ... on level 6 of the Dungeon.
             The game lasted 00:15:53 (5846 turns).

Kuronicle the Changeling (Demonspawn Shapeshifter)  Turns: 5846, Time: 00:15:54

Health: -1/58      AC: 15    Str: 14    XL:     8   Next: 41%
Magic:  8/8        EV: 22    Int: 12    God:
Gold:   292        SH:  0    Dex: 15    Spells: 7/7 levels left

rFire   + .          .
                       - Unarmed
rCold   . . .        (no shield)
rNeg    . . .        w - +0 chain mail
rPois   +            (helmet currently unavailable)
rElec   .            (cloak currently unavailable)
rCorr   .            (gloves currently unavailable)
SInv    .            (boots currently unavailable)
Will    .....        y - amulet of the acrobat Stlth
                     p - +4 ring of protection
HPRegen 0.29/turn    r - ring of poison resistance
MPRegen 0.22/turn

%: acrobat
@: beast-form, acrobatic
A: beast (slay +3), hooves 1, thin metallic scales 1, magic regeneration, fire
resistance 1
a: Begin Untransformation


You were on level 6 of the Dungeon.
You were a hulking beast.
You visited 1 branch of the dungeon, and saw 6 of its levels.

You collected 292 gold pieces.

Inventory:

Hand Weapons
 u - a +2 flail of protection
Missiles
 z - a throwing net
Armour
 g - the +0 helmet of the Eagle {Int+2}
   (You took it off Robin on level 3 of the Dungeon)

   Int+2:     It affects your intelligence (+2).
 j - a +0 scale mail
 q - a +0 helmet
 w - a +0 chain mail (worn)
 x - a +0 pair of boots
 B - a +2 helmet
Jewellery
 p - a +4 ring of protection (left hand)
 r - a ring of poison resistance (right hand)
 y - an amulet of the acrobat (around neck)
 A - an amulet of faith
Talismans
 c - a beast talisman (active)
 d - a flux talisman
 D - a blade talisman
Wands
 a - a wand of paralysis (7)
 v - a wand of light (8)
Scrolls
 f - 2 scrolls of poison {unknown}
 h - 2 scrolls of noise {unknown}
 i - 2 scrolls of vulnerability {unknown}
 m - a scroll of revelation {unknown}
 n - a scroll of enchant weapon {unknown}
 o - 2 scrolls of amnesia {unknown}
 s - 4 scrolls of teleportation
 C - a scroll of silence {unknown}
Potions
 b - 2 potions of lignification
 e - 2 potions of brilliance {unknown}
 k - a potion of curing
 t - a potion of haste {unknown}


   Skills:
 - Level 3.3 Fighting
 - Level 3.1 Armour
 - Level 2.4 Dodging
 - Level 0.1 Stealth
 - Level 5.4 Unarmed Combat
 * Level 6.6 Shapeshifting


You had 7 spell levels left.
You didn't know any spells.
Your spell library contained the following spells:

 Spells                   Type           Power      Damage    Failure   Level
 Apportation              Tloc           0%         N/A       99%         1
 Necrotise                Necr           0%         1d4       99%         1
 Sting                    Tmut/Pois      0%         1d3       99%         1
 Summon Small Mammal      Summ           0%         N/A       99%         1
 Poisonous Vapours        Pois/Air       0%         N/A       100%        2
 Olgreb's Toxic Radiance  Pois           0%         N/A       100%        4
 Simulacrum               Ice/Necr       0%         N/A       100%        6
 Ozocubu's Refrigeration  Ice            0%         4d7       100%        7
 Polar Vortex             Ice            0%         N/A       100%        9


Dungeon Overview and Level Annotations

Branches:
Dungeon (6/15)
 Temple: D:4-7

Altars:
Dithmenos
Kikubaaqudgha
Qazlal
Uskayaw

Shops:
D:4 =


Innate Abilities, Weirdness & Mutations

You are a hulking beast.
Your limbs bulge with bestial killing power. (Slay +3)
You have large cloven feet.
You are partially covered in thin metallic scales. (AC +2)
You regenerate magic rapidly.
Your flesh is heat resistant. (rF+)


Message History

The orc priest invokes the aid of Beogh against you.
Beogh smites you!
A wight comes into view. It is wielding a +3 flail of freezing.
Something hits you but does no damage.
You closely miss something. Your kick misses something.
The orc priest invokes the aid of Beogh against you.
Something writhes in agony!
You closely miss something. Your kick misses something.
Something hits you but does no damage.
The orc priest mumbles some strange prayers to Beogh against you.
Beogh smites you!
You barely miss something. You kick something.
Reactivating autopickup.
You feel a bit more experienced.
You hit the wight.
The wight is moderately damaged.
The wight hits you with a +0 flail.
* * * LOW HITPOINT WARNING * * *
You hit the wight but do no damage. Your kick misses the wight.
The wight is moderately damaged.
The orc priest completely misses you. The wight misses you.
The wight barely misses you.
Items here: )) [[ †.
The orc priest attacks as it pursues you!
The orc priest completely misses you. The wight completely misses you.
You completely miss the wight. You kick the wight, but do no damage.
The wight is moderately damaged.
The wight hits you but does no damage.
The orc priest hits you but does no damage.
You hit the wight. Your kick misses the wight.
The wight is heavily damaged.
The wight hits you but does no damage.
The orc priest hits you with a +0 dagger.
* * * LOW HITPOINT WARNING * * *
You hit the wight. You kick the wight. You punch the wight.
You destroy the wight!
The orc priest looks braver for a moment.
The orc priest invokes the aid of Beogh against you.
Beogh smites you!
You die...

#... .# # #... . .#
#.#...##. .#
.#......#####.#
.............#.###
#. ..#............ #
#.##.#.###h###.##
#.#...<#.#zo......#
#....))#.#.###.#..#
#....)))..........#
#.....[#.##.##.##.#
#......#.....#.# .#
...........#..#.# #
##########.#....###.
#.........#


You could see a wight and an orc priest.

Vanquished Creatures
  Eustachio (D:4)
  2 black bears
  An ogre (D:4)
  2 centaurs
  A kobold brigand (D:5)
  A gnoll sergeant (D:5)
  A scorpion (D:5)
  2 wights (D:6)
  A vampire bat (D:4)
  A hound (D:4)
  An orc priest (D:3)
  A jelly (D:4)
  An iguana (D:5)
  4 orc wizards
  Robin (D:3)
  10 gnolls
  8 adders
  A shadow imp (D:5)
  A white imp (D:6)
  A worm (D:4)
  A dart slug (D:3)
  9 orcs
  6 ball pythons
  4 bats
  3 bat skeletons (D:4)
  2 bat zombies (D:4)
  4 endoplasms
  3 giant cockroaches
  16 goblins
  6 hobgoblins
  8 jackals
  11 kobolds
  4 quokkas
  3 frilled lizards (D:2)
  6 rats
128 creatures vanquished.

Notes
Turn   | Place    | Note
-------+----------+-------------------------------------------
     0 | D:1      | Kuronicle the Demonspawn Shapeshifter began the quest for
                  | the Orb.
     0 | D:1      | Reached XP level 1. HP: 15/15 MP: 1/1
   227 | D:1      | Found a faded altar of an unknown god.
   294 | D:1      | Gained mutation: You are partially covered in thin metallic
                  | scales. (AC +2) [demonic ancestry]
   294 | D:1      | Reached XP level 2. HP: 21/21 MP: 2/2
   398 | D:1      | You fall into a shaft and drop 1 floor!
   441 | D:2      | Reached skill level 3 in Shapeshifting
   508 | D:2      | Reached XP level 3. HP: 15/27 MP: 3/3
  1319 | D:2      | Reached skill level 1 in Armour
  2201 | D:3      | Reached XP level 4. HP: 24/33 MP: 4/4
  2472 | D:3      | Gained mutation: You have large cloven feet. [potion of
                  | mutation]
  2472 | D:3      | Gained mutation: Your flesh is heat resistant. (rF+)
                  | [potion of mutation]
  2652 | D:3      | Found a large runed translucent door.
  2653 | D:3      | Found a large runed translucent door.
  2692 | D:3      | Found a stormy altar of Qazlal.
  2710 | D:3      | Mutation became permanent: You have large cloven feet.
                  | [demonic ancestry]
  2710 | D:3      | Gained mutation: You have large cloven feet. [demonic
                  | ancestry]
  2710 | D:3      | Reached XP level 5. HP: 38/38 MP: 5/5
  3057 | D:4      | Identified the +0 helmet of the Eagle {Int+2}
  3057 | D:4      | Noticed Robin
  3067 | D:3      | Killed Robin
  3212 | D:4      | Noticed a black bear
  3250 | D:4      | Killed a black bear
  3251 | D:4      | Reached XP level 6. HP: 29/46 MP: 6/6
  3699 | D:4      | Found a shadowy altar of Dithmenos.
  3789 | D:4      | Reached skill level 5 in Unarmed Combat
  3789 | D:4      | Reached XP level 7. HP: 45/52 MP: 7/7
  3840 | D:4      | Reached skill level 4 in Shapeshifting
  3922 | D:4      | Found Ficw's Jewellery Shoppe.
  3959 | D:4      | Noticed Eustachio
  3978 | D:4      | Killed Eustachio
  4162 | D:4      | Found an ancient bone altar of Kikubaaqudgha.
  4463 | D:5      | Entered Level 5 of the Dungeon
  4630 | D:5      | Reached skill level 5 in Shapeshifting
  4743 | D:5      | Gained mutation: You regenerate magic rapidly. [demonic
                  | ancestry]
  4743 | D:5      | Reached XP level 8. HP: 57/58 MP: 8/8
  4958 | D:5      | Found a hide-covered altar of Uskayaw.
  5438 | D:6      | HP: 2/58 [gnoll/+0 flail[a gnoll sergeant] (5)]
  5619 | D:5      | Reached skill level 6 in Shapeshifting
  5846 | D:6      | Killed from afar by an orc priest

Illustrated notes

Levels and vault maps discovered:
D:1:      dpeg_arrival_rooms_b, layout_loops_ring,
          shapermc_ecumenical_altar_mp_highgroup, kennysheep_small_spiral
D:2:      mumra_celtic_spiral_tile, layout_loops_ring
D:3:      layout_loops_cross, jmf_multi_god_temple2
D:4:      layout_rooms, nicolae_dithmenos_the_darkroom,
          kennysheep_vampire_church, serial_shops, nicolae_take_the_stairs,
          uniq_eustachio, uniq_robin
D:5:      layout_cave_pods, mainiacjoe_overflow_brackets
D:6:      layout_basic, minmay_temple_entry_grid, uniq_edmund

Skill      XL: |  1  2  3  4  5  6  7  8 |
---------------+-------------------------+-----
Dodging        | 2 |  2.4
Shapeshifting  | 3 5 6 |  6.6
Unarmed Combat | 3 4 5 |  5.4
Armour         | 1 2 3 |  3.1
Fighting       | 2 3 |  3.3
Stealth        | |  0.1

Action                     |  1- 3 |  4- 6 |  7- 9 || total
---------------------------+-------+-------+-------++-------
  Melee: Unarmed           |   121 |   178 |   173 ||   472
         Punch             |     2 |     6 |     6 ||    14
         Kick              |       |    36 |    61 ||    97
    Use: Scroll            |     2 |     3 |       ||     5
         Potion            |       |     2 |     3 ||     5
 Armour: Animal skin       |     4 |       |       ||     4
         Ring mail         |    74 |    13 |       ||    87
         Chain mail        |       |   205 |   207 ||   412
  Dodge: Dodged            |    58 |    83 |   115 ||   256

Table legend: (Time is in decaauts)
 A = Elapsed time spent in this place.
 B = Non-inter-level travel time spent in this place.
 C = Inter-level travel time spent in this place.
 D = Time resting spent in this place.
 E = Time spent auto-exploring this place.
 F = Levels seen in this place.
 G = Mean time per level.
                   A        B        C        D        E       F      G
               +--------+--------+--------+--------+--------+-----+--------+
         Total |   5811 |   5045 |    766 |    527 |   3419 |   6 |  968.5 |
       Dungeon |   5811 |   5045 |    766 |    527 |   3419 |   6 |  968.5 |
               +--------+--------+--------+--------+--------+-----+--------+

Top non-repeatable levels by time:
     D:2: 1367 daAuts
     D:4: 1280 daAuts
     D:5: 1124 daAuts
     D:3: 977 daAuts
     D:1: 818 daAuts
     D:6: 243 daAuts
